 Dungeon Crawl Stone Soup version 0.25-a0-576-g50b708a (webtiles) character file.

Game seed: 5463603098550835543, levelgen mode: deterministic

13 15 the Gusty (level 2, 20/20 HPs)
             Began as a Barachi Air Elementalist on Mar 1, 2020.
             Quit the game on level 1 of the Dungeon.
             The game lasted 00:01:47 (663 turns).

15 the Gusty (Barachi Air Elementalist)              Turns: 663, Time: 00:01:48

Health: 20/20      AC:  2    Str:  9    XL:     2   Next: 37%
Magic:  4/5        EV: 12    Int: 15    God:
Gold:   42         SH:  0    Dex: 12    Spells: 2/5 levels left

rFire    . . .     SeeInvis .   (no weapon)
rCold    . . .     Gourm    .   (no shield)
rNeg     . . .     Faith    .   a - +0 robe
rPois    .         Spirit   .   (no helmet)
rElec    .         Reflect  .   (no cloak)
rCorr    .         Harm     .   (no gloves)
MR       .....                  (no boots)
Stlth    ++........             d - amulet of inaccuracy (curse)
HPRegen  0.06/turn              (no ring)
MPRegen  0.09/turn              (no ring)

@: slow
A: +LOS, swims, slowness 1, strong legs 1
a: Hop


You were on level 1 of the Dungeon.
You were not hungry.

You visited 1 branch of the dungeon, and saw 1 of its levels.

You collected 42 gold pieces.

Inventory:

Hand Weapons
 g - a +0 spear
Armour
 a - a +0 robe (worn)
Jewellery
 d - a cursed amulet of inaccuracy (around neck)
Scrolls
 b - 2 scrolls of amnesia
Potions
 e - a potion of brilliance
 f - a potion of haste {unknown}
Comestibles
 c - a ration
 h - a chunk of flesh


   Skills:
 * Level 0.6 Fighting
 * Level 0.6 Armour
 * Level 2.2 Dodging
 + Level 1.7 Stealth
 * Level 2.3 Spellcasting
 * Level 1.6 Conjurations
 + Level 3.5 Air Magic


You had 2 spell levels left.
You knew the following spells:

 Your Spells              Type           Power        Failure   Level  Hunger
a - Shock                 Conj/Air       #...         8%          1    #......
b - Swiftness             Chrm/Air       #.......     16%         2    ###....

Your spell library contained the following spells:

 Spells                   Type           Power        Failure   Level  Hunger
 Static Discharge         Conj/Air       #.......     22%         3    ###....
 Airstrike                Air            ##........   45%         4    #####..
 Lightning Bolt           Conj/Air       #.........   91%         5    ######.


Dungeon Overview and Level Annotations

Branches:
Dungeon (1/15)

Altars:


Innate Abilities, Weirdness & Mutations

You can be seen from farther away. (+LOS)
You can swim through water.
You cover ground slowly.
You can hop short distances.


Message History

Magic restored.
You now have 42 gold pieces (gained 16).
A rat comes into view.
Casting: Shock (safe; 8% risk of failure)
Confirm with . or Enter, or press ? or * to list all spells.
Aiming: Shock (safe; 8% risk of failure)
Press: ? - help, Shift-Dir - straight line, f - rat
Aim: a rat (resting)
The zap hits the rat.
You kill the rat!
No target in view!
You see here a rat corpse.
You butcher the rat corpse.
h - a chunk of flesh You see here a rat skeleton.
Memorise Swiftness, consuming 2 spell levels and leaving 2?
You start memorising the spell.
You continue memorising. x2
You finish memorising.
Spell assigned to 'b'.
Okay, then.
Are you sure you want to abandon this character and quit the game? (Confirm with "yes".)

############# +#
#...........# ..
#.#########.# .# #.#
#.# .# #.# #.#
.#####.#########.#
.................#
.#####.###############
.#...#.# #...@....#
.#.#.#.# #..#.##.##
.....#.# #..#.#
...###.## #..#.#
...#....# #..#.#
...#.#..#####..#.#
>....#.........#.#
#.####.######.##..
#......# #.####


There were no monsters in sight!

Vanquished Creatures
  An ooze (D:1)
  2 dart slugs (D:1)
  A ball python (D:1)
  A bat (D:1)
  A frilled lizard (D:1)
  A rat (D:1)
7 creatures vanquished.

Notes
Turn   | Place    | Note
-------+----------+-------------------------------------------
     0 | D:1      | 15 the Barachi Air Elementalist began the quest for the
                  | Orb.
     0 | D:1      | Reached XP level 1. HP: 13/13 MP: 3/3
   292 | D:1      | Reached XP level 2. HP: 19/19 MP: 1/5
   663 | D:1      | Learned a level 2 spell: Swiftness
   663 | D:1      | Quit the game

Levels and vault maps discovered:
D:1:      dpeg_arrival_simpleton_a, layout_basic

Action                   || total
-------------------------++-------
Melee: Unarmed           ||     2
 Cast: Shock             ||    14
  Use: Scroll            ||     2
Armor: Robe              ||     1
Dodge: Dodged            ||     4

Table legend:
 A = Non-vault XP
 B = Vault XP
 C = Vault XP percentage of total XP
 D = Non-vault monster count
 E = Vault monster count
 F = Vault count percentage of total count
                 A         B        C        D         E       F
            +---------+---------+-------+---------+---------+-------
      Total |      19 |       0 |   0.0 |       7 |       0 |   0.0
            +---------+---------+-------+---------+---------+-------
        D:1 |      19 |       0 |   0.0 |       7 |       0 |   0.0
            +---------+---------+-------+---------+---------+-------
